 Dungeon Crawl Stone Soup version 0.28.0-53-g5a82cb258f (webtiles) character file.

Game seed: 8203379094486784

868 Peloso the Slasher (level 7, -4/61 HPs)
             Began as a Minotaur Fighter on July 6, 2022.
             Slain by an orc warrior
             ... wielding a +0 great sword
              (16 damage)
             ... on level 4 of the Dungeon.
             The game lasted 00:05:45 (4665 turns).

Peloso the Slasher (Minotaur Fighter)               Turns: 4665, Time: 00:05:46

Health: -4/61      AC: 13    Str: 21    XL:     7   Next: 73%
Magic:  6/6        EV:  6    Int:  5    God:
Gold:   201        SH:  5    Dex: 11    Spells: 6/6 levels left

rFire   . . .      SeeInvis .   a - +0 long sword
rCold   + . .      Faith    .   c - +0 buckler
rNeg    . . .      Spirit   .   u - +0 plate armour
rPois   .          Reflect  .   (helmet restricted)
rElec   .          Harm     .   (no cloak)
rCorr   .          Rampage  .   (no gloves)
Will    +....                   (no boots)
Stlth   ..........              (no amulet)
HPRegen 0.20/turn               i - ring of willpower
MPRegen 0.10/turn               q - ring of protection from cold

@: no status effects
A: horns 2, retaliatory headbutt
a: no special abilities


You were on level 4 of the Dungeon.
You visited 1 branch of the dungeon, and saw 5 of its levels.

You collected 201 gold pieces.

Inventory:

Hand Weapons
 a - a +0 long sword (weapon)
Armour
 b - a +0 scale mail
 c - a +0 buckler (worn)
 u - a +0 plate armour (worn)
Jewellery
 i - a ring of willpower (left hand)
 q - a ring of protection from cold (right hand)
Scrolls
 f - a scroll of enchant armour {unknown}
 g - 2 scrolls of fear {unknown}
 j - a scroll of noise {unknown}
 k - a scroll of teleportation {unknown}
 l - a scroll of blinking {unknown}
 m - a scroll of fog {unknown}
 n - a scroll of immolation {unknown}
Potions
 d - 2 potions of might
 e - a potion of lignification {unknown}
 h - a potion of berserk rage
 o - a potion of magic {unknown}
 p - a potion of mutation {unknown}
 r - a potion of heal wounds {unknown}
 s - a potion of curing {unknown}
 t - a potion of flight {unknown}


   Skills:
 + Level 5.3 Fighting
 + Level 6.8 Long Blades
 + Level 6.6 Armour
 + Level 2.0 Dodging
 + Level 1.0 Stealth
 + Level 5.1 Shields


You had 6 spell levels left.
You didn't know any spells.
Your spell library contained the following spells:

 Spells                   Type           Power      Damage    Failure   Level
 Shock                    Conj/Air       0%         1d3       100%        1
 Corpse Rot               Necr/Air       0%         N/A       100%        2
 Swiftness                Air            0%         N/A       100%        3
 Airstrike                Air            0%         N/A       100%        4
 Dispel Undead            Necr           0%         3d6       100%        4
 Petrify                  Tmut/Erth      0%         N/A       100%        4
 Irradiate                Conj/Tmut      0%         3d13      100%        5
 Yara's Violent Unravell  Hex/Tmut       0%         3d3       100%        5
 Death Channel            Necr           0%         N/A       100%        6
 Eringya's Noxious Bog    Tmut/Pois      0%         N/A       100%        6


Dungeon Overview and Level Annotations

Branches:
Dungeon (5/15)
 Temple: D:4-7

Altars:
Yredelemnul
The Shining One

Annotations:
D:3 1 runed translucent door, gnacko's ghost, amateur MiFi


Innate Abilities, Weirdness & Mutations

You have a pair of horns on your head.
You reflexively headbutt those who attack you in melee.


Message History

The rat disappears in a puff of smoke!
Your Dodging skill increases to level 2!
Your Shields skill increases to level 5!
Things that are here:
a +0 falchion; a +0 leather armour; the human corpse of Eustachio You start resting.
HP restored.
An orc warrior comes into view. It is wielding a +0 great sword.
An orc warrior comes into view. It is wielding a +0 falchion.
The orc warrior shouts! x2
An orc warrior comes into view. It is wielding a +0 falchion.
You see here 17 gold pieces.
There is a stone staircase leading up, spattered with blood here.
There is a stone staircase leading up, spattered with blood here.
You block the orc warrior's attack.
You climb upwards.
There is a stone staircase leading down, spattered with blood here.
You slash the orc warrior!
You headbutt the orc warrior, but do no damage.
The orc warrior is moderately wounded.
The orc warrior hits you with a +0 great sword!
You hit the orc warrior.
The orc warrior is moderately wounded.
The orc warrior barely misses you. You furiously retaliate!
You headbutt the orc warrior, but do no damage.
You closely miss the orc warrior.
The orc warrior is moderately wounded.
The orc warrior hits you with a +0 great sword!
You closely miss the orc warrior.
The orc warrior is moderately wounded.
The orc warrior hits you with a +0 great sword.
You closely miss the orc warrior. You headbutt the orc warrior.
The orc warrior is heavily wounded.
The orc warrior hits you with a +0 great sword!
The orc warrior hits you with a +0 great sword!!
* * * LOW HITPOINT WARNING * * *
You closely miss the orc warrior. You headbutt the orc warrior!
The orc warrior is almost dead.
The orc warrior hits you with a +0 great sword!
You die...

#......# #......#
##### #......#
....# #......#
....####......#
..............#
....####......#
....####......####
...............)@#
###########..###o#
##### #..# #.#
#...# #..# #.#
##...#### #..# #.#
........# #<.# #.#
##...##.####.# #.#
##...##..# #.# #.#
(....###.# #.# #.#


You could see an orc warrior.

Vanquished Creatures
  Eustachio (D:5)
  An orc warrior (D:4)
  2 ogres
  A water moccasin skeleton (D:5)
  A howler monkey (D:4)
  An orc priest (D:3)
  Jessica (D:2)
  A gnoll shaman (D:5)
  Natasha (thrice) (D:2)
  An orc wizard (D:5)
  3 gnolls (D:5)
  9 adders
  An ufetubus (D:4)
  3 dart slugs
  10 orcs
  11 ball pythons
  7 endoplasms
  3 giant cockroaches
  3 goblins
  6 hobgoblins
  7 kobolds
  2 quokkas
  7 bats
  4 frilled lizards
  6 rats
95 creatures vanquished.

Notes
Turn   | Place    | Note
-------+----------+-------------------------------------------
     0 | D:1      | Peloso the Minotaur Fighter began the quest for the Orb.
     0 | D:1      | Reached XP level 1. HP: 19/19 MP: 0/0
   136 | D:1      | Reached XP level 2. HP: 14/27 MP: 1/1
   363 | D:1      | You fall into a shaft and drop 1 floor!
   437 | D:2      | Got Lerrax's Collected Works on Moulding
   454 | D:2      | Noticed Jessica
   459 | D:2      | Killed Jessica
   460 | D:2      | Reached XP level 3. HP: 19/33 MP: 2/2
   890 | D:2      | Reached XP level 4. HP: 35/40 MP: 3/3
  1170 | D:2      | Noticed Natasha
  1178 | D:2      | Killed Natasha
  1222 | D:2      | Noticed Natasha
  1228 | D:2      | Killed Natasha
  1229 | D:2      | Reached XP level 5. HP: 30/46 MP: 4/4
  1461 | D:2      | Noticed Natasha
  1475 | D:2      | Killed Natasha
  1741 | D:1      | Reached skill level 5 in Armour
  2187 | D:3      | Noticed an ogre
  2194 | D:3      | Killed an ogre
  2195 | D:3      | Reached skill level 5 in Long Blades
  2195 | D:3      | Reached skill level 1 in Dodging
  2195 | D:3      | Reached XP level 6. HP: 17/53 MP: 5/5
  2405 | D:3      | Found a runed translucent door.
  2422 | D:3      | Noticed gnacko's ghost (amateur MiFi)
  2434 | D:3      | Found a faded altar of an unknown god.
  2931 | D:3      | Found a basalt altar of Yredelemnul.
  2933 | D:3      | Noticed a profane servitor
  2938 | D:3      | Found a glowing golden altar of the Shining One.
  2940 | D:3      | Noticed an angel
  3956 | D:5      | Entered Level 5 of the Dungeon
  3989 | D:5      | Reached XP level 7. HP: 38/60 MP: 6/6
  4253 | D:5      | Noticed Eustachio
  4273 | D:4      | Reached skill level 5 in Fighting
  4273 | D:4      | Reached skill level 1 in Stealth
  4420 | D:5      | Killed Eustachio
  4421 | D:5      | Reached skill level 5 in Shields
  4665 | D:4      | Slain by an orc warrior

Illustrated notes

Levels and vault maps discovered:
D:1:      minmay_arrival_up_and_down, layout_basic, st_stairs_2
D:2:      layout_basic, kennysheep_generic_room_2, uniq_jessica, uniq_natasha
D:3:      cheibrodos_pilgrimage, layout_basic, grunt_temple_overflow_holy_war,
          shapermc_ecumenical_altar_starsandcircs, ebering_ghost_sewer_d
D:4:      layout_basic
D:5:      layout_loops_cross, amcnicky_altar_gilded,
          minmay_temple_entry_statues_fountains, grunt_decor_resistance,
          mumra_transporter_accident, sword_in_stone

Skill      XL: |  1  2  3  4  5  6  7 |
---------------+----------------------+-----
Shields        | 4 5 |  5.1
Fighting       | 4 5 |  5.3
Long Blades    | 3 4 5 6 |  6.8
Armour         | 4 5 6 |  6.6
Dodging        | 1 2 |  2.0
Stealth        | 1 |  1.0

Action                   |  1- 3 |  4- 6 |  7- 9 || total
-------------------------+-------+-------+-------++-------
Melee: Long sword        |    55 |   169 |    56 ||   280
       Headbutt          |     4 |    34 |    13 ||    51
  Use: Scroll            |       |     2 |       ||     2
Armor: Scale mail        |    27 |    93 |     2 ||   122
       Plate armour      |       |       |    42 ||    42
Dodge: Dodged            |    33 |    58 |    37 ||   128
Block: Buckler           |    16 |    29 |    27 ||    72
